 Dungeon Crawl Stone Soup version 0.21.1-1-g345015fe64 (webtiles) character file.

377 KleinerIrrer the Insei (level 6, 0/42 HPs)
             Began as an Octopode Monk on Mar 25, 2018.
             Slain by an ogre
             ... wielding a cursed -2 giant club
              (5 damage)
             ... on level 4 of the Dungeon.
             The game lasted 00:06:17 (3916 turns).

KleinerIrrer the Insei (Octopode Monk)              Turns: 3916, Time: 00:06:17

Health: 0/42       AC:  1    Str: 12    XL:     6   Next: 73%
Magic:  6/6        EV: 14    Int: 13    God:
Gold:   115        SH:  0    Dex: 14    Spells: 5/5 levels left

rFire    + . .     SeeInvis .     - Unarmed
rCold    . . .     Gourm    .   (no shield)
rNeg     + . .     Faith    .   (helmet restricted)
rPois    .         Spirit   .   (no amulet)
rElec    .         Reflect  .   c - ring of protection from fire
rCorr    .         Harm     .   e - ring of positive energy
MR       .....                  (no ring)
Stlth    +++.......             (no ring)
HPRegen  0.14/turn              (no ring)
MPRegen  0.10/turn              (no ring)
                                (no ring)
                                (no ring)

@: no status effects
A: almost no armour, stealthy swim, amphibious, 8 rings, constrict 8, camouflage
1, gelatinous body 1
a: no special abilities


You were on level 4 of the Dungeon.
You were not hungry.

You visited 1 branch of the dungeon, and saw 4 of its levels.

You collected 115 gold pieces.

Inventory:

Jewellery
 c - a ring of protection from fire (left tentacle)
 e - a ring of positive energy (right tentacle)
Scrolls
 b - 7 scrolls of identify
 f - a scroll of remove curse
 g - 2 scrolls of magic mapping
 h - a scroll of fog
 j - 3 scrolls of teleportation {unknown}
 k - a scroll of random uselessness {unknown}
 m - a scroll of enchant weapon
Potions
 d - a potion of heal wounds
 i - a potion of brilliance {unknown}
 l - a potion of ambrosia {unknown}
Comestibles
 a - 2 rations
 n - 6 chunks of flesh


   Skills:
 - Level 3.0 Fighting
 + Level 3.4 Dodging
 - Level 2.6 Stealth
 + Level 7.1 Unarmed Combat


You had 5 spell levels left.
You didn't know any spells.

Dungeon Overview and Level Annotations

Branches:
Dungeon (4/15)
 Temple: D:4-7

Altars:
Ashenzari
Makhleb
Nemelex Xobeh
Trog
Uskayaw


Innate Abilities, Weirdness & Mutations

You cannot wear most types of armour.
You are very stealthy in the water. (Stealth+)
You are amphibious.
You can wear up to eight rings at the same time.
You can use your tentacles to constrict eight enemies at once.
Your skin changes colour to match your surroundings (Stealth+).
Your rubbery body absorbs attacks. (AC +1, EV +1)


Message History

HP restored.
Okay, then.
Found a centaur barding.
You now have 115 gold pieces (gained 9).
Some of the chunks of flesh in your inventory have rotted away.
An ogre comes into view. It is wielding a giant club.
You tentacle-slap the ogre but do no damage.
The ogre hits you with a giant club!
You bludgeon the ogre!
The ogre is moderately wounded.
The ogre hits you with a giant club!!
Ouch! That really hurt!
* * * LOW HITPOINT WARNING * * *
You tentacle-slap the ogre but do no damage.
You squeeze the ogre!
The ogre is severely wounded.
You tentacle-slap the ogre. You squeeze the ogre, but do no damage.
The ogre is almost dead.
The ogre hits you with a giant club.
You die...

#.........#
#.#.##########
#.#.........)#
#.##########)#### #.#
#.....# #.# #.....#
#.# #.....# #.#
#.....# #@# #.....##
+..O.# #####......)
##########....#'#+###
........+....+......
.......#.....###.#.#
.).....#.#######[#.#
.......#.#.....#.#.#
.......#.#.#.#.#.#.#
#####..#...#.#...#.#


You could see an ogre.

Vanquished Creatures
  An ogre (D:4)
  A bullfrog (D:4)
  An orc priest (D:4)
  Jessica (D:2)
  Terence (D:2)
  2 worker ants (D:4)
  4 adders
  An ooze (D:1)
  3 dart slugs (D:1)
  7 orcs
  2 giant cockroaches
  6 goblins
  7 hobgoblins
  2 jackals (D:1)
  6 kobolds
  A quokka (D:2)
  A ball python (D:4)
  6 bats
  4 frilled lizards
  4 rats
61 creatures vanquished.

Vanquished Creatures (others)
  A wizard (D:3)
1 creature vanquished.

Grand Total: 62 creatures vanquished

Notes
Turn   | Place    | Note
-------+----------+-------------------------------------------
     0 | D:1      | KleinerIrrer the Octopode Monk began the quest for the Orb.
     0 | D:1      | Reached XP level 1. HP: 16/16 MP: 1/1
   270 | D:1      | Reached XP level 2. HP: 21/21 MP: 2/2
   523 | D:1      | Reached skill level 4 in Unarmed Combat
   556 | D:1      | Reached XP level 3. HP: 17/26 MP: 3/3
   976 | D:2      | Noticed Terence
   994 | D:2      | Killed Terence
   994 | D:2      | Reached XP level 4. HP: 6/31 MP: 4/4
  1507 | D:2      | Noticed Jessica
  1514 | D:2      | Killed Jessica
  1514 | D:2      | Reached skill level 5 in Unarmed Combat
  2278 | D:3      | Reached XP level 5. HP: 29/36 MP: 5/5
  2469 | D:3      | Noticed a dagger
  2470 | D:3      | Noticed a dagger
  2483 | D:3      | Found a hide-covered altar of Uskayaw.
  2528 | D:3      | Found a bloodstained altar of Trog.
  2529 | D:3      | Noticed a wizard
  2534 | D:3      | Killed a wizard
  2904 | D:4      | Reached skill level 6 in Unarmed Combat
  2904 | D:4      | Reached XP level 6. HP: 23/42 MP: 6/6
  3055 | D:4      | Found a sparkling altar of Nemelex Xobeh.
  3064 | D:4      | Found a shattered altar of Ashenzari.
  3064 | D:4      | Found a burning altar of Makhleb.
  3693 | D:4      | Reached skill level 7 in Unarmed Combat
  3916 | D:4      | Slain by an ogre

Skill      XL: |  1  2  3  4  5  6 |
---------------+-------------------+-----
Unarmed Combat | 4 5 6 7 |  7.1
Fighting       | |  3.0
Dodging        | |  3.4
Stealth        | |  2.6

Action                   |  1- 3 |  4- 6 || total
-------------------------+-------+-------++-------
Melee: Unarmed           |    60 |    81 ||   141
       Constrict         |    15 |    21 ||    36
       Tentacles         |    12 |    20 ||    32
       Punch             |     1 |     4 ||     5
  Use: Scroll            |       |     4 ||     4
 Stab: Sleeping          |    13 |     9 ||    22
  Eat: Chunk             |       |     6 ||     6
       Ration            |       |     1 ||     1
Armor: Skin              |     1 |     1 ||     2
Dodge: Dodged            |    22 |    42 ||    64
